AoeStats
← TorukMakto

Black Forest

504756763Analyzed
4v4 RM · 26d ago on Sep 6, 2026· 45m 53s· 8 players
Game mode
Random Map
Map size
Large (8 player)
Population
200
Speed
Normal
Resources
Standard
Victory
Conquest
Starting age
Dark Age
Ending age
Imperial Age
RankedLock teamsTeams togetherTeam positionsShared explorationLock speedFull tech treeHidden civsTurbo modeCheats
Victory
Defeat
🇷🇴 Portuguese · Romania
929
+13
🇫🇷 Japanese · France
917
+14
🇺🇸 Mongols · United States
863
+16
🇺🇸 Bohemians · United States
782
+20
🇷🇺 Khmer · Russia
872
-16
🇬🇧 Persians · United Kingdom
861
-16
🇹🇷 Mongols · Türkiye
861
-16
🇮🇳 Chinese · India
858
-17
BOOSON 8
7:39 Loom
16:26 Feudal Age
16:43 Man-at-Arms
25:35 Castle Age
24:15 Wheelbarrow
24:03 Loom
27:10 Pikeman
27:36 Gambesons
27:51 Squires
27:37 Arson
32:02 Gold Mining
36:30 Double-Bit Axe
36:30 Horse Collar
36:53 Stone Mining
40:23 Gold Shaft Mining
40:24 Stone Shaft Mining
40:07 Heavy Plow
41:19 Caravan
41:50 Coinage
45:52 Imperial Age
TorukMakto
1:21 Loom
13:52 Feudal Age
20:26 Wheelbarrow
19:36 Town Watch
22:33 Double-Bit Axe
22:31 Horse Collar
22:44 Gold Mining
25:42 Castle Age
23:31 Town Watch
24:21 Wheelbarrow
27:07 Town Patrol
27:01 Fletching
27:11 Padded Archer Armor
28:47 Thumb Ring
28:02 Elite Skirmisher
30:27 Bodkin Arrow
30:47 Leather Archer Armor
29:54 Elite Skirmisher
31:17 Fervor
33:03 Scale Barding Armor
33:08 Forging
33:56 Bloodlines
33:46 Husbandry
33:07 Light Cavalry
35:26 Hand Cart
39:38 Careening
39:24 Murder Holes
39:52 Ballistics
39:28 Murder Holes
39:45 Fortified Wall
39:05 Pikeman
41:18 Iron Casting
41:03 Chain Barding Armor
40:53 Squires
40:57 Scale Mail Armor
42:39 Chain Barding Armor
43:10 Stone Mining
43:59 Gold Shaft Mining
43:35 Bow Saw
43:28 Heavy Plow
44:07 Nomads
44:26 Chain Mail Armor
48:30 Imperial Age
swa-lmhwra
12:29 Feudal Age
14:37 Man-at-Arms
31:51 Stone Mining
36:16 Horse Collar
Papanin
0:35 Loom
16:14 Feudal Age
17:51 Wheelbarrow
17:38 Double-Bit Axe
19:15 Horse Collar
25:29 Castle Age
23:36 Stone Mining
25:01 Gold Mining
26:10 Elite Skirmisher
29:05 Heavy Plow
29:52 Gold Shaft Mining
30:20 Bow Saw
32:23 Fletching
34:01 Stone Shaft Mining
37:41 Bodkin Arrow
38:11 Ballistics
38:44 Murder Holes
39:48 Bloodlines
40:22 Scale Barding Armor
YaSh the B3AST
0:28 Loom
11:53 Feudal Age
13:38 Double-Bit Axe
17:30 Castle Age
17:39 Stone Mining
18:47 Horse Collar
20:34 Wheelbarrow
24:50 Fletching
25:07 Heavy Plow
27:11 Hand Cart
26:41 Town Watch
34:55 Imperial Age
34:05 Ballistics
33:41 Murder Holes
33:58 Forging
33:43 Bodkin Arrow
33:49 Padded Archer Armor
33:54 Scale Barding Armor
34:42 Bow Saw
35:37 Husbandry
35:47 Bloodlines
36:56 Drill
37:21 Onager
39:33 Siege Engineers
40:05 Iron Casting
39:31 Bracer
39:35 Nomads
42:22 Elite Steppe Lancer
45:56 Blast Furnace
45:17 Chain Barding Armor
45:59 Chemistry
44:39 Capped Ram
Pépé
0:43 Loom
10:47 Feudal Age
11:28 Man-at-Arms
12:47 Forging
16:01 Wheelbarrow
19:02 Scale Mail Armor
21:42 Castle Age
19:50 Horse Collar
19:59 Double-Bit Axe
21:33 Gold Mining
22:05 Stone Mining
22:45 Bow Saw
25:10 Hand Cart
26:36 Heavy Plow
26:50 Long Swordsman
29:02 Gold Shaft Mining
32:16 Iron Casting
37:54 Imperial Age
35:43 Chain Mail Armor
35:45 Treadmill Crane
37:43 Arson
37:59 Squires
38:04 Yasama
39:23 Conscription
38:53 Gambesons
38:29 Two-Handed Swordsman
40:01 Kataparuto
41:48 Blast Furnace
40:43 Pikeman
43:05 Chemistry
41:58 Guard Tower
43:33 Two-Man Saw
42:50 Champion
44:28 Plate Mail Armor
44:22 Ballistics
44:50 Keep
44:06 Town Watch
45:47 Murder Holes
46:02 Masonry
45:46 Fletching
TheDukeofWrenches
0:28 Loom
18:49 Feudal Age
21:25 Horse Collar
22:24 Wheelbarrow
22:46 Double-Bit Axe
28:39 Castle Age
31:41 Chemistry
31:55 Bow Saw
31:48 Heavy Plow
32:24 Man-at-Arms
33:05 Squires
38:41 Hand Cart
38:35 Caravan
42:31 Imperial Age
41:45 Pikeman
41:46 Long Swordsman
43:40 Padded Archer Armor
43:52 Forging
43:42 Scale Mail Armor
43:06 Halberdier
45:37 Siege Engineers
zahnno
1:42 Loom
13:01 Feudal Age
14:17 Double-Bit Axe
16:00 Horse Collar
19:20 Castle Age
18:52 Gold Mining
20:16 Bow Saw
22:10 Bloodlines
22:12 Forging
23:45 Husbandry
24:22 Iron Casting
25:57 Scale Barding Armor
28:39 Wheelbarrow
29:02 Town Watch
30:12 Hand Cart
30:54 Elite Skirmisher
31:26 Fletching
31:50 Caravan
32:19 Bodkin Arrow
33:42 Thumb Ring
34:11 Chain Barding Armor
33:52 Town Patrol
39:25 Imperial Age
36:47 Treadmill Crane
37:10 Fishing Lines
37:32 Scale Mail Armor
37:28 Pikeman
39:31 Chain Mail Armor
42:25 Chemistry
41:27 Bracer
41:28 Cavalier
43:12 Plate Barding Armor
44:42 Siege Engineers
44:58 Ballistics
44:34 Murder Holes
47:27 Blast Furnace
Connection lost

Rejoining the realm…

Still unreachable

The connection could not be restored.

Session expired

The server has moved on; the page needs a fresh start.